 Dungeon Crawl Stone Soup version 0.31-a0-233-g139696dc86 (webtiles) character file.

Game seed: 15058291308188843030

5692 qw the Skirmisher (level 10, -11/88 HPs)
             Began as a Minotaur Hexslinger on July 9, 2023.
             Was an Elder of Okawaru.
             Killed by vampiric draining
             ... invoked by a vampire
              (12 damage)
             ... on level 9 of the Dungeon.
             The game lasted 00:04:02 (8610 turns).

qw the Skirmisher (Minotaur Hexslinger)             Turns: 8610, Time: 00:04:03

Health: -11/88     AC: 13    Str: 12    XL:     10   Next: 47%
Magic:  12/13      EV: 21    Int: 10    God:    Okawaru [****..]
Gold:   384        SH:  0    Dex: 18    Spells: 10/11 levels left

rFire   . . .        Y - +6 sling
rCold   . . .        (no shield)
rNeg    . . .        a - +0 ring mail
rPois   .            (helmet restricted)
rElec   .            l - +0 cloak
rCorr   .            (no gloves)
SInv    .            d - +0 pair of boots
Will    .....        h - amulet of faith
Stlth   ++           e - +4 ring of protection
HPRegen 0.34/turn    k - +5 ring of evasion
MPRegen 0.13/turn

%: faith
@: heroic
A: horns 2, retaliatory headbutt
a: Renounce Religion, Heroism, Finesse


You were on level 9 of the Dungeon.
You worshipped Okawaru.
Okawaru was greatly pleased with you.
You visited 2 branches of the dungeon, and saw 10 of its levels.
You also visited: Sewer.

You collected 384 gold pieces.


Innate Abilities, Weirdness & Mutations

You have a pair of horns on your head.
You reflexively headbutt those who attack you in melee.


   Skills:
 - Level 8.2(13.2) Fighting
 + Level 12.6(17.6) Ranged Weapons
 - Level 4.0(9.0) Armour
 - Level 5.0(10.0) Dodging
 - Level 1.0 Spellcasting
 - Level 2.0 Hexes
 + Level 6.3 Invocations


You had 10 spell levels left.
You knew the following spells:

 Your Spells              Type           Power      Damage    Failure   Level
a - Slow                  Hex            16%        N/A       28%         1

Your spell library contained the following spells:

 Spells                   Type           Power      Damage    Failure   Level
 Inner Flame              Hex/Fire       2%         N/A       78%         3
 Portal Projectile        Hex/Tloc       4%         N/A       78%         3
 Cause Fear               Hex            2%         N/A       96%         4

Inventory:

Hand Weapons
 Y - a +6 sling (weapon)
Armour
 a - a +0 ring mail (worn)
 d - a +0 pair of boots (worn)
 l - a +0 cloak (worn)
Jewellery
 e - a +4 ring of protection (left hand)
 h - an amulet of faith (around neck)
 k - a +5 ring of evasion (right hand)
 m - a ring of protection from fire
 o - an amulet of reflection
Scrolls
 g - 7 scrolls of identify
 j - 3 scrolls of teleportation
Potions
 c - 3 potions of cancellation
 f - 2 potions of might
 i - a potion of haste
 n - 2 potions of heal wounds

Dungeon Overview and Level Annotations

Branches:
Dungeon (9/15)             Temple (1/1) D:4           Sewer (visited)
   Lair: D:8-11         Orc: D:9-12

Altars:
Ashenzari
Cheibriados
Dithmenos
Elyvilon
Fedhas
Gozag
Hepliaklqana
Kikubaaqudgha
Makhleb
Nemelex Xobeh
Okawaru
Qazlal
Ru
Sif Muna
Trog
Uskayaw
Vehumet
Wu Jian
Xom
Yredelemnul
Zin
The Shining One

Shops:
D:3 [

Portals:
Bailey: D:9

Annotations:
D:3 3 runed translucent doors, qw's ghost, weakling GrHs


Message History

The vampire bites you but does no damage.
You shoot a sling bullet. The sling bullet hits the vampire.
The vampire is heavily damaged.
The vampire closely misses you. You furiously retaliate!
You headbutt the vampire! The vampire completely misses you.
You shoot a sling bullet. The sling bullet hits the vampire.
The vampire is severely damaged.
You shoot a sling bullet.
The sling bullet hits the vampire but does no damage.
The vampire is severely damaged.
The vampire draws life force from you!!
The vampire is healed by the life force!
You shoot a sling bullet.
The sling bullet barely misses the vampire.
The vampire misses you. You furiously retaliate!
You headbutt the vampire! The vampire closely misses you.
You shoot a sling bullet. The sling bullet hits the vampire!
The vampire is almost destroyed.
The vampire casts a spell.
The vampire flickers and vanishes!
Deactivating autopickup; reactivate with Ctrl-A.
You shoot a sling bullet. Something closely misses you. x2
You shoot a sling bullet. You shoot a sling bullet.
Something closely misses you. Something bites you!
Something draws strength from your injuries!
You shoot a sling bullet. Something hits you!
Something bites you but does no damage.
You shoot a sling bullet. Something hits you. Something barely misses you.
You shoot a sling bullet. Something closely misses you. Something bites you!
Something draws strength from your injuries!
You shoot a sling bullet. You shoot a sling bullet.
Something draws life force from you!
You shoot a sling bullet. Something draws life force from you!
You die...

.....# .....# .....#
.....# .....# .....#
###{....# ##.@.[...#
#..##.#### #.###.##
#####.###..#
#..........#
###....~..~..#
##.....#..)..~~~....#
#...........~~~~~...#
............~~~~~..##


There were no monsters in sight!

Vanquished Creatures
  Joseph (D:6)
  A gargoyle (D:8)
  Eustachio (D:5)
  6 yaks
  An unseen horror simulacrum (D:9)
  2 steam dragons (D:5)
  A water moccasin (D:6)
  3 sky beasts
  3 black bears
  7 ice beasts
  A wolf (D:8)
  A phantom (D:5)
  2 kobold brigands
  A bullfrog (D:7)
  2 gnoll sergeants (D:8)
  3 scorpions
  6 wights
  A howler monkey (D:8)
  2 gnoll boudas
  4 orc priests
  4 hounds
  4 iguanas
  2 sleepcaps
  5 orc wizards
  A centaur simulacrum (D:9)
  Robin (D:2)
  11 adders
  27 gnolls
  5 river rats
  3 white imps
  2 ufetubi
  2 worms
  2 dart slugs
  32 orcs
  8 endoplasms
  6 giant cockroaches
  25 goblins
  13 hobgoblins
  7 jackals
  21 kobolds
  4 quokkas
  7 ball pythons
  A bat (D:2)
  4 frilled lizards
  34 rats
280 creatures vanquished.

Vanquished Creatures (others)
  A yak (D:7)
  An orc wizard (D:7)
2 creatures vanquished.

Grand Total: 282 creatures vanquished

Notes
Turn   | Place    | Note
-------+----------+-------------------------------------------
     0 | D:1      | qw the Minotaur Hexslinger began the quest for the Orb.
     0 | D:1      | Reached XP level 1. HP: 16/16 MP: 1/1
     0 | D:1      | 0 ||| qw: Version: 0.3-a-51-g015441d
     0 | D:1      | 0 ||| qw: Game counter: 3937
     0 | D:1      | 0 ||| qw: Melee chars always use a shield: true
     0 | D:1      | 0 ||| qw: God list: Okawaru
     0 | D:1      | 0 ||| qw: Allow faded altars: false
     0 | D:1      | 0 ||| qw: Do Orc after clearing Dungeon:15 true
     0 | D:1      | 0 ||| qw: Do second Lair branch before Depths: true
     0 | D:1      | 0 ||| qw: Lair rune preference: random
     0 | D:1      | 0 ||| qw: Goals: Normal
     0 | D:1      | 0 ||| PLANNING D:1-11
   123 | D:1      | Reached skill level 3 in Ranged Weapons
   129 | D:1      | Reached XP level 2. HP: 23/23 MP: 2/2
   385 | D:1      | Found a faded altar of an unknown god.
   481 | D:1      | Reached XP level 3. HP: 29/29 MP: 3/3
   861 | D:1      | 861 ||| UPGRADING to +0 pair of boots.
   866 | D:1      | 866 ||| UPGRADING to amulet of faith.
   871 | D:1      | 871 ||| UPGRADING to +4 ring of protection.
   872 | D:1      | 872 ||| READING scroll labelled CALOLE KOINUU.
   875 | D:1      | 875 ||| READING scroll labelled ISORUA JILOC.
   876 | D:1      | 876 ||| DROPPING scroll of poison.
   973 | D:2      | Reached skill level 4 in Ranged Weapons
  1438 | D:2      | Noticed Robin
  1463 | D:2      | Killed Robin
  1464 | D:2      | Reached XP level 4. HP: 21/36 MP: 4/4
  1719 | D:2      | 1719 ||| UPGRADING to +0 ring mail.
  1729 | D:2      | 1729 ||| DROPPING +0 robe.
  1730 | D:2      | 1730 ||| READING scroll labelled SORORUIPNA.
  1731 | D:2      | 1731 ||| READING scroll labelled GAH ABODUHULA.
  1732 | D:2      | 1732 ||| READING scroll labelled NEBIXK FUGA.
  1733 | D:2      | 1733 ||| READING scroll labelled OZXEMI WU UBOV.
  1836 | D:3      | 1836 ||| PLANNING SEWER
  1858 | D:3      | Found Cokkir's Armour Emporium.
  1883 | D:3      | 1883 ||| SHOPLISTING +0 leather armour of cold resistance
                  | (90 gold, have 75).
  1883 | D:3      | 1883 ||| SHOPLISTING +3 leather armour of poison resistance
                  | (210 gold, have 75).
  1915 | D:3      | 1915 ||| READING scroll of enchant weapon.
  1915 | D:3      | 1915 ||| ENCHANTING +2 sling.
  1929 | D:3      | Reached skill level 1 in Armour
  1973 | D:3      | 1973 ||| READING scroll of enchant weapon.
  1973 | D:3      | 1973 ||| ENCHANTING +3 sling.
  2004 | D:3      | 2004 ||| READING scroll of enchant weapon.
  2004 | D:3      | 2004 ||| ENCHANTING +4 sling.
  2118 | D:3      | Reached skill level 5 in Ranged Weapons
  2182 | D:3      | Found a runed translucent gate.
  2183 | D:3      | Found a runed translucent gate.
  2184 | D:3      | Found a runed translucent gate.
  2184 | D:3      | Noticed qw's ghost (weakling GrHs)
  2317 | D:3      | Found a glowing drain.
  2318 | D:3      | 2318 ||| Stepping ~*~*~tactically~*~*~ (water).
  2326 | D:3      | Reached XP level 5. HP: 29/44 MP: 5/5
  2381 | D:3      | 2381 ||| DRINKING 2 fuming pink potions.
  2382 | D:3      | 2382 ||| DRINKING 2 red potions.
  2388 | Sewer    | Entered a sewer
  2402 | Sewer    | Reached skill level 3 in Fighting
  2551 | Sewer    | 2551 ||| Stepping ~*~*~tactically~*~*~ (water).
  2555 | Sewer    | 2555 ||| Stepping ~*~*~tactically~*~*~ (water).
  2594 | Sewer    | 2594 ||| Stepping ~*~*~tactically~*~*~ (outnumbered).
  2596 | Sewer    | 2596 ||| Stepping ~*~*~tactically~*~*~ (outnumbered).
  2687 | Sewer    | Reached skill level 6 in Ranged Weapons
  2703 | Sewer    | Reached XP level 6. HP: 19/52 MP: 6/6
  2875 | Sewer    | 2875 ||| UPGRADING to +0 cloak.
  2880 | Sewer    | 2880 ||| DRINKING 2 murky clear potions.
  2881 | Sewer    | 2881 ||| READING 3 scrolls of identify.
  2881 | Sewer    | 2881 ||| IDENTIFYING brown potion
  2882 | Sewer    | 2882 ||| READING 2 scrolls of identify.
  2882 | Sewer    | 2882 ||| IDENTIFYING fizzy grey potion
  2883 | Sewer    | 2883 ||| DROPPING potion of magic.
  2909 | D:3      | 2909 ||| PLANNING D:1-11
  3765 | D:4      | Found a staircase to the Ecumenical Temple.
  3766 | D:4      | 3766 ||| PLANNING TEMPLE
  3766 | D:4      | 3766 ||| UPGRADING to +5 ring of evasion.
  3767 | D:4      | 3767 ||| READING 2 scrolls of identify.
  3767 | D:4      | 3767 ||| IDENTIFYING silvery potion
  3768 | D:4      | 3768 ||| DROPPING potion of invisibility.
  3773 | Temple   | Entered the Ecumenical Temple
  3822 | Temple   | 3822 ||| PLANNING OKAWARU WORSHIP
  3831 | Temple   | Became a worshipper of Warmaster Okawaru
  3832 | Temple   | 3832 ||| PLANNING D:1-11
  3847 | D:4      | You fall into a shaft and drop 2 floors!
  3855 | D:5      | Entered Level 5 of the Dungeon
  3933 | D:5      | Reached skill level 7 in Ranged Weapons
  3933 | D:5      | Reached XP level 7. HP: 59/59 MP: 7/7
  4162 | D:5      | 4162 ||| Stepping ~*~*~tactically~*~*~ (outnumbered).
  4168 | D:5      | 4168 ||| STAIRDANCE
  4174 | D:5      | 4174 ||| Stepping ~*~*~tactically~*~*~ (outnumbered).
  4178 | D:5      | Reached * piety under Okawaru
  4245 | D:5      | Noticed Eustachio
  4246 | D:5      | 4246 ||| INVOKING Heroism.
  4257 | D:5      | Killed Eustachio
  4258 | D:5      | Reached skill level 8 in Ranged Weapons
  4313 | D:5      | Reached skill level 1 in Invocations
  4358 | D:5      | Reached ** piety under Okawaru
  4359 | D:5      | Reached XP level 8. HP: 68/68 MP: 8/8
  4624 | D:5      | 4624 ||| INVOKING Heroism.
  4628 | D:5      | 4628 ||| Stepping ~*~*~tactically~*~*~ (cloud).
  4629 | D:5      | 4629 ||| Stepping ~*~*~tactically~*~*~ (cloud).
  4631 | D:5      | 4631 ||| Stepping ~*~*~tactically~*~*~ (cloud).
  4639 | D:5      | 4639 ||| INVOKING Heroism.
  4639 | D:5      | HP: 14/68 [steam dragon (6)]
  4640 | D:5      | 4640 ||| READING scroll of teleportation.
  4642 | D:5      | Reached skill level 3 in Invocations
  4932 | D:5      | Reached skill level 9 in Ranged Weapons
  5088 | D:5      | 5088 ||| INVOKING Heroism.
  5098 | D:5      | Reached skill level 3 in Dodging
  5099 | D:5      | 5099 ||| Stepping ~*~*~tactically~*~*~ (cloud).
  5100 | D:5      | 5100 ||| Stepping ~*~*~tactically~*~*~ (cloud).
  5319 | D:5      | 5319 ||| READING 2 scrolls labelled MOLESOGHIM.
  5320 | D:5      | 5320 ||| DROPPING scroll of fear.
  5504 | D:6      | 5504 ||| READING scroll of enchant weapon.
  5504 | D:6      | 5504 ||| ENCHANTING +5 sling.
  5632 | D:6      | 5632 ||| INVOKING Heroism.
  5641 | D:6      | Reached skill level 6 in Fighting
  5724 | D:6      | 5724 ||| INVOKING Heroism.
  5891 | D:6      | Reached skill level 10 in Ranged Weapons
  5897 | D:6      | Reached XP level 9. HP: 75/75 MP: 11/11
  5954 | D:6      | Reached *** piety under Okawaru
  6036 | D:6      | 6036 ||| INVOKING Heroism.
  6041 | D:6      | Reached skill level 3 in Armour
  6145 | D:6      | 6145 ||| Stepping ~*~*~tactically~*~*~ (outnumbered).
  6146 | D:6      | 6146 ||| Stepping ~*~*~tactically~*~*~ (outnumbered).
  6150 | D:6      | 6150 ||| Stepping ~*~*~tactically~*~*~ (outnumbered).
  6154 | D:6      | 6154 ||| Stepping ~*~*~tactically~*~*~ (outnumbered).
  6186 | D:6      | Found a shimmering blue altar of Sif Muna.
  6279 | D:6      | 6279 ||| READING scroll labelled NESUOT TOYPHUI.
  6488 | D:7      | Noticed Joseph
  6490 | D:7      | 6490 ||| FLEEEEING.
  6496 | D:7      | 6496 ||| FLEEEEING.
  6499 | D:7      | 6499 ||| FLEEEEING.
  6500 | D:7      | 6500 ||| FLEEEEING.
  6501 | D:7      | 6501 ||| FLEEEEING.
  6502 | D:7      | 6502 ||| FLEEEEING.
  6503 | D:7      | 6503 ||| FLEEEEING.
  6506 | D:7      | 6506 ||| FLEEEEING.
  6519 | D:7      | 6519 ||| FLEEEEING.
  6520 | D:7      | 6520 ||| FLEEEEING.
  6522 | D:7      | 6522 ||| FLEEEEING.
  6523 | D:7      | 6523 ||| FLEEEEING.
  6527 | D:7      | 6527 ||| FLEEEEING.
  6528 | D:7      | 6528 ||| FLEEEEING.
  6533 | D:7      | 6533 ||| STAIRDANCE
  6648 | D:6      | 6648 ||| DROPPING ring of flight.
  6649 | D:6      | 6649 ||| READING scroll labelled NOXO MOIDWOMON.
  6654 | D:7      | 6654 ||| STAIRDANCE
  6698 | D:7      | 6698 ||| STAIRDANCE
  6744 | D:7      | 6744 ||| STAIRDANCE
  6772 | D:7      | 6772 ||| STAIRDANCE
  6783 | D:6      | Killed Joseph
  6784 | D:6      | Reached skill level 11 in Ranged Weapons
  6930 | D:7      | 6930 ||| Stepping ~*~*~tactically~*~*~ (outnumbered).
  7071 | D:7      | 7071 ||| DRINKING 2 bubbling pink potions.
  7110 | D:8      | Reached **** piety under Okawaru
  7116 | D:8      | 7116 ||| STAIRDANCE
  7119 | D:7      | 7119 ||| INVOKING Heroism.
  7123 | D:7      | Reached skill level 12 in Ranged Weapons
  7193 | D:8      | 7193 ||| STAIRDANCE
  7204 | D:7      | 7204 ||| INVOKING Heroism.
  7308 | D:8      | 7308 ||| STAIRDANCE
  7359 | D:8      | Reached XP level 10. HP: 88/88 MP: 12/12
  7424 | D:8      | 7424 ||| FLEEEEING.
  7425 | D:8      | 7425 ||| FLEEEEING.
  7426 | D:8      | 7426 ||| FLEEEEING.
  7427 | D:8      | 7427 ||| FLEEEEING.
  7433 | D:8      | 7433 ||| STAIRDANCE
  7535 | D:8      | Noticed a gargoyle
  7546 | D:8      | Killed a gargoyle
  7630 | D:8      | 7630 ||| Stepping ~*~*~tactically~*~*~ (outnumbered).
  7631 | D:8      | 7631 ||| Stepping ~*~*~tactically~*~*~ (outnumbered).
  7638 | D:8      | 7638 ||| INVOKING Heroism.
  7640 | D:8      | 7640 ||| Stepping ~*~*~tactically~*~*~ (outnumbered).
  8037 | D:8      | 8037 ||| READING scroll labelled GUXTAO MYGHARE.
  8155 | D:9      | Found a flagged portal.
  8164 | D:9      | 8164 ||| STAIRDANCE
  8220 | D:9      | 8220 ||| STAIRDANCE
  8234 | D:8      | Received a gift from Okawaru
  8320 | D:9      | 8320 ||| STAIRDANCE
  8380 | D:9      | 8380 ||| STAIRDANCE
  8387 | D:8      | Reached skill level 6 in Invocations
  8388 | D:8      | 8388 ||| INVOKING Heroism.
  8587 | D:9      | 8587 ||| DRINKING 2 potions of curing.
  8587 | D:9      | 8587 ||| (to cure confusion)
  8591 | D:9      | 8591 ||| DRINKING potion of curing.
  8591 | D:9      | 8591 ||| (to cure confusion)
  8595 | D:9      | 8595 ||| INVOKING Heroism.
  8606 | D:9      | HP: 20/88 [something (5)]
  8609 | D:9      | HP: 1/88 [something (12)]
  8610 | D:9      | Killed from afar by a vampire

Levels and vault maps discovered:
D:1:      dpeg_arrival_rooms_b, layout_basic,
          hellmonk_ecumenical_altar_inner_sanctum, minmay_indecisive_spiral
D:2:      layout_basic, cheibrodos_gnoll_hut, uniq_robin
D:3:      layout_rooms, serial_shops, shop, ebering_ghost_rock_garden,
          portal_sewer_entry_e, hex_medium, hex_tiny, hex_intersection
D:4:      layout_loops_ring, temple_statues, roderic_serpentine_path
D:5:      minmay_inner_zag, layout_loops_corners, uniq_eustachio
D:6:      layout_loops_corners, nicolae_sif_muna_little_library,
          grunt_ministairs_1, grunt_tough_drop
D:7:      layout_cave_pools, uniq_joseph
D:8:      layout_rooms
D:9:      layout_rooms, enter_bailey_5, serial_ice, serial_ice_o, serial_ice_h,
          serial_ice_k, serial_ice_n, serial_ice_e, serial_ice_f, serial_ice_g
Temple:   grunt_wide_crystal_templ

Skill      XL: |  1  2  3  4  5  6  7  8  9 10 |
---------------+-------------------------------+-----
Ranged Weapons | 3 4 5 6 7 8 10 12 | 12.6
Fighting       | 2 4 5 6 8 |  8.2
Armour         | 1 2 4 |  4.0
Invocations    | 2 4 6 |  6.3
Dodging        | 3 4 5 |  5.0
Spellcasting   | |  1.0
Hexes          | |  2.0

Action                     |  1- 3 |  4- 6 |  7- 9 | 10-12 || total
---------------------------+-------+-------+-------+-------++-------
   Fire: Sling             |   144 |   231 |   385 |   163 ||   923
 Invoke: Heroism           |       |       |     9 |     3 ||    12
    Use: Scroll            |     2 |    10 |     5 |     1 ||    18
         Potion            |       |     3 |     1 |     2 ||     6
 Armour: Robe              |    17 |     4 |       |       ||    21
         Ring mail         |       |    58 |    50 |    42 ||   150
  Dodge: Dodged            |    34 |    79 |   123 |   122 ||   358

Table legend:
 A = Non-vault XP
 B = Vault XP
 C = Vault XP percentage of total XP
 D = Non-vault monster count
 E = Vault monster count
 F = Vault count percentage of total count
                 A         B        C        D         E       F
            +---------+---------+-------+---------+---------+-------
      Total |    5303 |    2829 |  34.8 |     171 |     111 |  39.4
            +---------+---------+-------+---------+---------+-------
        D:1 |      40 |       6 |  13.0 |      25 |       4 |  13.8
        D:2 |      28 |      55 |  66.3 |      14 |      16 |  53.3
        D:3 |      43 |      35 |  44.9 |      13 |       8 |  38.1
        D:4 |     140 |       0 |   0.0 |      16 |       0 |   0.0
        D:5 |    1164 |     431 |  27.0 |      24 |       7 |  22.6
        D:6 |     988 |     810 |  45.1 |      24 |      12 |  33.3
        D:7 |    1025 |       0 |   0.0 |      21 |       0 |   0.0
        D:8 |    1729 |     651 |  27.4 |      32 |       7 |  17.9
        D:9 |     146 |     613 |  80.8 |       2 |       7 |  77.8
      Sewer |       0 |     228 | 100.0 |       0 |      50 | 100.0
            +---------+---------+-------+---------+---------+-------
